 Dungeon Crawl Stone Soup version 0.21-a0-522-ga8338f0 (webtiles) character file.

3052 lemonriz the Martial Artist (level 9, -7/81 HPs)
             Began as a Gnoll Transmuter on Dec 6, 2017.
             Was a Follower of Cheibriados.
             Mangled by Demitroll's ghost (9 damage)
             ... on level 7 of the Dungeon.
             The game lasted 00:13:20 (7143 turns).

lemonriz the Martial Artist (Gnoll Transmuter)      Turns: 7143, Time: 00:13:21

Health: -7/81      AC:  6    Str: 17    XL:     9   Next: 87%
Magic:  3/19       EV: 15    Int: 21    God:    Cheibriados [*.....]
Gold:   404        SH:  0    Dex: 18    Spells: 6/21 levels left

rFire    x . .     SeeInvis .     - Unarmed
rCold    + + +     Gourm    .   (shield currently unavailable)
rNeg     . . .     Faith    .   (armour currently unavailable)
rPois    +         Spirit   .   (helmet currently unavailable)
rElec    .         Reflect  .   (cloak currently unavailable)
rCorr    .         Harm     .   (gloves currently unavailable)
MR       .....                  (boots currently unavailable)
Stlth    +++.......             (no amulet)
HPRegen  0.23/turn              f - +1 ring of evasion
MPRegen  0.16/turn              H - ring of protection from cold

@: about to teleport, ice-form, very slow
A: large, distributed training, strong nose
a: End Transformation, Bend Time, Renounce Religion


You were on level 7 of the Dungeon.
You worshipped Cheibriados.
Cheibriados was aware of your devotion.
You were hungry.
You were a creature of crystalline ice.
You visited 2 branches of the dungeon, and saw 8 of its levels.

You collected 404 gold pieces.

Inventory:

Missiles
 a - 120 arrows
Armour
 x - a +0 ring mail (melded)
 D - a +2 pair of boots (melded)
Jewellery
 f - a +1 ring of evasion (left front paw)
 H - a ring of protection from cold (right front paw)
Wands
 y - a wand of disintegration (14)
 B - a wand of digging (5)
Scrolls
 j - 2 scrolls of remove curse
 t - 7 scrolls of identify
 u - 2 scrolls of magic mapping
 w - a scroll of enchant armour
 E - a scroll of enchant weapon
 F - a scroll of teleportation
Potions
 e - a potion of haste {unknown}
 g - a potion of invisibility {unknown}
 h - 2 potions of brilliance {unknown}
 i - 2 potions of flight {unknown}
 k - 2 potions of heal wounds {unknown}
 m - a potion of ambrosia {unknown}
 n - 5 potions of curing {unknown}
 o - a potion of resistance {unknown}
 p - 3 potions of agility {unknown}
 q - a potion of cancellation {unknown}
 s - a potion of might {unknown}
 z - a potion of degeneration {unknown}
 I - a potion of magic {unknown}
Books
 c - a book of Changes

   Spells                             Type                      Level
   a - Beastly Appendage              Transmutation                1
   b - Sticks to Snakes               Transmutation                2
   c - Spider Form                    Transmutation/Poison         3
   d - Ice Form                       Ice/Transmutation            4
   e - Blade Hands                    Transmutation                5
Comestibles
 b - 19 fruits
 d - 3 bread rations
 G - 2 meat rations


   Skills:
 + Level 5.3 Fighting
 + Level 4.5 Short Blades
 + Level 4.5 Long Blades
 + Level 4.5 Axes
 + Level 4.5 Maces & Flails
 + Level 4.5 Polearms
 + Level 4.5 Staves
 + Level 4.5 Slings
 + Level 4.5 Bows
 + Level 4.5 Crossbows
 + Level 4.5 Throwing
 + Level 4.5 Armour
 + Level 6.5 Dodging
 + Level 4.5 Stealth
 + Level 4.5 Shields
 + Level 8.1 Unarmed Combat
 + Level 6.8 Spellcasting
 + Level 3.8 Conjurations
 + Level 3.8 Hexes
 + Level 3.8 Charms
 + Level 3.8 Summonings
 + Level 3.8 Necromancy
 + Level 3.8 Translocations
 + Level 5.4 Transmutations
 + Level 3.8 Fire Magic
 + Level 3.8 Ice Magic
 + Level 3.8 Air Magic
 + Level 3.8 Earth Magic
 + Level 3.8 Poison Magic
 + Level 5.0 Invocations
 + Level 4.5 Evocations


You had 6 spell levels left.
You knew the following spells:

 Your Spells              Type           Power        Failure   Level  Hunger
a - Beastly Appendage     Tmut           ####..       1%          1    None
b - Sticks to Snakes      Tmut           ####....     1%          2    None
c - Spider Form           Tmut/Pois      ####......   4%          3    #......
d - Ice Form              Ice/Tmut       ####....     13%         4    ###....
e - Blade Hands           Tmut           ####......   26%         5    #####..


Dungeon Overview and Level Annotations

Branches:
Dungeon (7/15)             Temple (1/1) D:6

Altars:
Ashenzari
Cheibriados
Dithmenos
Elyvilon
Fedhas
Gozag
Hepliaklqana
Kikubaaqudgha
Makhleb
Nemelex Xobeh
Okawaru
Qazlal
Ru
Sif Muna
Trog
Uskayaw
Vehumet
Wu Jian
Xom
Yredelemnul
Zin
The Shining One

Annotations:
D:3 Grinder
D:7 Demitroll's ghost, novice MiBe


Innate Abilities, Weirdness & Mutations

Your experience applies equally to all skills.
((You have very sharp teeth.))
Your uncanny sense of smell can sniff out nearby items.


Message History

Your ball python closely misses Demitroll's ghost.
Your ball python bites Demitroll's ghost but does no damage.
Your ball python barely misses Demitroll's ghost.
Demitroll's ghost hits you!!
* * * LOW HITPOINT WARNING * * *
Your ball python closely misses Demitroll's ghost.
Your ball python bites Demitroll's ghost but does no damage. x2
Your ball python bites Demitroll's ghost.
Your ball python bites Demitroll's ghost but does no damage.
As you read the scroll of teleportation, it crumbles to dust.
You feel strangely unstable.
Your ball python bites Demitroll's ghost.
Your ball python barely misses Demitroll's ghost.
Demitroll's ghost barely misses you.
Your ball python bites Demitroll's ghost but does no damage.
Your ball python bites Demitroll's ghost.
Your ball python bites Demitroll's ghost but does no damage.
Your ball python closely misses Demitroll's ghost. x2
Demitroll's ghost hits you!
You die...

.## ##.##...##### .. ##...#.......##
#. #.........#...# #.##
..............# #..## #
#..............####..## .#
#....(....^........#..##.####.
#.........#.....SS...).......
###...#...###......###.#............
#.#.####...#.#............ #.#.#
###................ #.#.#
##............... #...#
#....#.......... #...##
###..#..........


You could see Demitroll's ghost, a friendly adder and 4 friendly ball pythons.

Vanquished Creatures
  Pikel (D:5)
  Sigmund (D:6)
  A wyvern (D:5)
  2 ice beasts (D:5)
  3 ogres
  3 phantoms
  A centaur (D:5)
  Blork the orc (D:4)
  A bullfrog (D:6)
  6 killer bees (D:7)
  A crimson imp (D:7)
  A quasit (D:7)
  2 gnoll shamans (D:4)
  A bullfrog skeleton (D:7)
  A hound (D:7)
  2 iguanas (D:5)
  Ijyb (D:3)
  4 orc wizards
  Natasha (D:3)
  7 worker ants
  3 hound skeletons
  38 gnolls (D:4)
  3 adders
  A shadow imp (D:5)
  2 oozes
  An adder zombie (D:6)
  2 worms
  5 dart slugs
  A leopard gecko (D:4)
  4 orcs
  2 ball pythons (D:1)
  8 bats
  5 giant cockroaches
  6 hobgoblins
  29 jackals
  10 kobolds
  4 quokkas
  3 frilled lizards
  6 goblins
  A jackal zombie (D:5)
  A quokka skeleton (D:4)
  12 rats
188 creatures vanquished.

Notes
Turn   | Place    | Note
-------+----------+-------------------------------------------
     0 | D:1      | lemonriz the Gnoll Transmuter began the quest for the Orb.
     0 | D:1      | Reached XP level 1. HP: 17/17 MP: 6/6
    15 | D:1      | Reached XP level 2. HP: 22/23 MP: 5/7
   541 | D:1      | Reached XP level 3. HP: 25/28 MP: 9/9
   545 | D:1      | Learned a level 2 spell: Sticks to Snakes
   549 | D:1      | Learned a level 3 spell: Spider Form
   595 | D:1      | Reached skill level 5 in Spellcasting
   889 | D:1      | Reached skill level 1 in Invocations
  1206 | D:2      | Reached skill level 1 in Short Blades
  1206 | D:2      | Reached skill level 1 in Long Blades
  1206 | D:2      | Reached skill level 1 in Axes
  1206 | D:2      | Reached skill level 1 in Maces & Flails
  1206 | D:2      | Reached skill level 1 in Polearms
  1206 | D:2      | Reached skill level 1 in Staves
  1206 | D:2      | Reached skill level 1 in Slings
  1206 | D:2      | Reached skill level 1 in Bows
  1206 | D:2      | Reached skill level 1 in Crossbows
  1206 | D:2      | Reached skill level 1 in Throwing
  1206 | D:2      | Reached skill level 1 in Armour
  1206 | D:2      | Reached skill level 1 in Stealth
  1206 | D:2      | Reached skill level 1 in Shields
  1206 | D:2      | Reached skill level 1 in Evocations
  1245 | D:2      | Reached XP level 4. HP: 24/34 MP: 11/11
  1627 | D:2      | Found a hide-covered altar of Uskayaw.
  1733 | D:3      | Noticed Grinder
  1733 | D:3      | Noticed Ijyb
  1988 | D:3      | Killed Ijyb
  1988 | D:3      | Reached skill level 1 in Conjurations
  1988 | D:3      | Reached skill level 1 in Hexes
  1988 | D:3      | Reached skill level 1 in Charms
  1988 | D:3      | Reached skill level 1 in Summonings
  1988 | D:3      | Reached skill level 1 in Necromancy
  1988 | D:3      | Reached skill level 1 in Translocations
  1988 | D:3      | Reached skill level 1 in Fire Magic
  1988 | D:3      | Reached skill level 1 in Ice Magic
  1988 | D:3      | Reached skill level 1 in Air Magic
  1988 | D:3      | Reached skill level 1 in Earth Magic
  1988 | D:3      | Reached skill level 1 in Poison Magic
  2277 | D:3      | Reached XP level 5. HP: 40/40 MP: 12/12
  2298 | D:3      | Learned a level 4 spell: Ice Form
  2581 | D:3      | Noticed Natasha
  2587 | D:3      | Killed Natasha
  2835 | D:4      | Noticed an ogre
  2845 | D:4      | Killed an ogre
  2845 | D:4      | Reached XP level 6. HP: 44/47 MP: 9/13
  2897 | D:4      | Reached skill level 5 in Dodging
  3173 | D:4      | Noticed a phantom
  3219 | D:4      | Killed a phantom
  3267 | D:4      | Reached XP level 7. HP: 46/52 MP: 15/15
  3277 | D:4      | Learned a level 5 spell: Blade Hands
  3592 | D:4      | Reached skill level 7 in Unarmed Combat
  4234 | D:4      | Noticed Blork the orc
  4254 | D:4      | HP: 2/53 [gnoll/spear (3)]
  4705 | D:4      | Reached XP level 8. HP: 20/60 MP: 16/16
  4805 | D:4      | Killed Blork the orc
  5138 | D:5      | Entered Level 5 of the Dungeon
  5219 | D:5      | Noticed a wyvern
  5228 | D:5      | Killed a wyvern
  5565 | D:5      | Noticed Pikel
  5574 | D:5      | Killed Pikel
  5574 | D:5      | Reached skill level 5 in Transmutations
  5574 | D:5      | Reached XP level 9. HP: 45/67 MP: 15/18
  5595 | D:5      | Found an iron altar of Okawaru.
  6186 | D:6      | Found a staircase to the Ecumenical Temple.
  6272 | Temple   | Entered the Ecumenical Temple
  6344 | Temple   | Became a worshipper of Cheibriados the Contemplative
  6703 | D:6      | Noticed Sigmund
  6714 | D:6      | Killed Sigmund
  6714 | D:6      | Reached skill level 5 in Fighting
  6908 | D:7      | Reached * piety under Cheibriados
  6928 | D:7      | Reached skill level 8 in Unarmed Combat
  6987 | D:7      | Reached skill level 5 in Invocations
  7122 | D:7      | Noticed Demitroll's ghost (novice MiBe)
  7139 | D:7      | HP: 1/81 [Demitroll's ghost (26)]
  7143 | D:7      | Mangled by Demitroll's ghost

Vault maps used:
D:1:      dpeg_arrival_shelter
D:2:      wad_pebble_path, lemuel_doored_altar, minmay_tetromino_s2
D:3:      dk_vineyard_1, uniq_grinder, uniq_ijyb, uniq_natasha
D:4:      lemuel_castle_with_subvaults, first_bread, uniq_blork_the_orc
D:5:      okawaru_gym_becter, uniq_pikel
D:6:      minmay_temple_entry_butterflies, nrook_uturn, uniq_sigmund
Temple:   compressed_dpeg_triangle_lava_temple

Skill      XL: |  1  2  3  4  5  6  7  8  9 |
---------------+----------------------------+-----
Spellcasting   | 5 6 |  6.8
Invocations    | 1 2 3 4 5 |  5.0
Short Blades   | 1 2 3 4 |  4.5
Long Blades    | 1 2 3 4 |  4.5
Axes           | 1 2 3 4 |  4.5
Maces & Flails | 1 2 3 4 |  4.5
Polearms       | 1 2 3 4 |  4.5
Staves         | 1 2 3 4 |  4.5
Slings         | 1 2 3 4 |  4.5
Bows           | 1 2 3 4 |  4.5
Crossbows      | 1 2 3 4 |  4.5
Throwing       | 1 2 3 4 |  4.5
Armour         | 1 2 3 4 |  4.5
Stealth        | 1 2 3 4 |  4.5
Shields        | 1 2 3 4 |  4.5
Evocations     | 1 2 3 4 |  4.5
Conjurations   | 1 2 3 |  3.8
Hexes          | 1 2 3 |  3.8
Charms         | 1 2 3 |  3.8
Summonings     | 1 2 3 |  3.8
Necromancy     | 1 2 3 |  3.8
Translocations | 1 2 3 |  3.8
Fire Magic     | 1 2 3 |  3.8
Ice Magic      | 1 2 3 |  3.8
Air Magic      | 1 2 3 |  3.8
Earth Magic    | 1 2 3 |  3.8
Poison Magic   | 1 2 3 |  3.8
Fighting       | 3 4 5 |  5.3
Transmutations | 4 5 |  5.4
Dodging        | 5 6 |  6.5
Unarmed Combat | 7 8 |  8.1

Action                   |  1- 3 |  4- 6 |  7- 9 || total
-------------------------+-------+-------+-------++-------
Melee: Unarmed           |   103 |   144 |   394 ||   641
       Kick              |     3 |       |       ||     3
       Punch             |     4 |     5 |     2 ||    11
       Bite              |     8 |    11 |    19 ||    38
       Headbutt          |       |     9 |       ||     9
       Staff             |       |       |    14 ||    14
 Cast: Beastly Appendage |     3 |     6 |     2 ||    11
       Spider Form       |       |     4 |    32 ||    36
       Sticks to Snakes  |       |     2 |    10 ||    12
       Ice Form          |       |       |     1 ||     1
  Use: Scroll            |       |       |    16 ||    16
 Stab: Sleeping          |     2 |     2 |     3 ||     7
       Distracted        |       |       |     1 ||     1
  Eat: Chunk             |     1 |     6 |    13 ||    20
       Fruit             |       |       |     2 ||     2
Armor: Robe              |    23 |     4 |       ||    27
       Ring mail         |       |    22 |    22 ||    44
       Skin              |       |       |     8 ||     8
Dodge: Dodged            |    69 |   103 |   402 ||   574

Table legend:
 A = Spawn XP
 B = Non-spawn XP
 C = Spawn XP percentage of total XP
 D = Spawn monster count
 E = Non-spawn monster count
 F = Spawn count percentage of total count
 G = Total turns spent on level
                    A         B        C        D         E        F      G
               +---------+---------+-------+---------+---------+-------+---------
         Total |       0 |    4360 |   0.0 |       0 |     188 |   0.0 |  7143
               +---------+---------+-------+---------+---------+-------+---------
           D:1 |       0 |      59 |   0.0 |       0 |      31 |   0.0 |  1073
           D:2 |       0 |      37 |   0.0 |       0 |      22 |   0.0 |   818
           D:3 |       0 |     160 |   0.0 |       0 |      20 |   0.0 |   943
           D:4 |       0 |    1308 |   0.0 |       0 |      70 |   0.0 |  2304
           D:5 |       0 |    1584 |   0.0 |       0 |      18 |   0.0 |   946
           D:6 |       0 |     387 |   0.0 |       0 |      13 |   0.0 |   609
           D:7 |       0 |     825 |   0.0 |       0 |      14 |   0.0 |   298
               +---------+---------+-------+---------+---------+-------+---------
